 Dungeon Crawl Stone Soup version 0.31-a0-986-g5e6e4ef867 (webtiles) character file.

Game seed: 15093370202097660071

1691 sammy202020 the Covered (level 8, -1/69 (73) HPs)
             Began as a Minotaur Fighter on Nov 6, 2023.
             Slain by a wight
             ... wielding a +4 great sword
              (2 damage)
             ... on level 6 of the Dungeon.
             The game lasted 00:07:07 (5311 turns).

sammy202020 the Covered (Minotaur Fighter)          Turns: 5311, Time: 00:07:08

HP:   -1/69 (73)    AC: 13    Str: 21    XL:     8   Next: 72%
MP:   7/7           EV:  9    Int:  7    God:
Gold: 59            SH:  5    Dex: 10    Spells: 7/7 levels left

rFire   . . .        a - +1 war axe
rCold   . . .        c - +0 buckler
rNeg    + . .        n - +0 chain mail
rPois   +            (helmet restricted)
rElec   .            k - +0 cloak
rCorr   .            (no gloves)
SInv    .            q - +0 pair of boots
Will    .....        (no amulet) Stlth
                     j - ring of positive energy
HPRegen 0.31/turn    p - ring of poison resistance
MPRegen 0.10/turn

%: no passive effects
@: drained
A: horns 2, retaliatory headbutt
a: no special abilities


You were on level 6 of the Dungeon.
You visited 2 branches of the dungeon, and saw 7 of its levels.

You collected 239 gold pieces.
You spent 180 gold pieces at shops.

Inventory:

Hand Weapons
 a - a +1 war axe (weapon)
 b - a +2 flail of protection
Missiles
 m - a throwing net
Armour
 c - a +0 buckler (worn)
 k - a +0 cloak (worn)
 n - a +0 chain mail (worn)
 q - a +0 pair of boots (worn)
Jewellery
 j - a ring of positive energy (left hand)
 p - a ring of poison resistance (right hand)
 r - a +6 ring of dexterity
 s - a ring of fire
 t - an amulet of magic regeneration
 u - a +6 ring of intelligence
Scrolls
 d - a scroll of amnesia
 f - 4 scrolls of teleportation
 i - a scroll of butterflies {unknown}
 v - 2 scrolls of identify
 w - a scroll of immolation {unknown}
Potions
 e - 2 potions of attraction
 g - 5 potions of curing
 l - a potion of ambrosia
 o - a potion of brilliance


   Skills:
 * Level 7.2 Fighting
 * Level 6.7 Axes
 * Level 7.3 Armour
 + Level 3.8 Dodging
 * Level 7.1 Shields


You had 7 spell levels left.
You didn't know any spells.
Your spell library contained the following spells:

 Spells                   Type           Power      Damage    Failure   Level
 Kiss of Death            Conj/Necr      0%         2d5       97%         1
 Magic Dart               Conj           0%         1d3       97%         1
 Call Imp                 Summ           0%         N/A       99%         2
 Ensorcelled Hibernation  Hex/Ice        0%         N/A       99%         2
 Passwall                 Tmut/Erth      0%         N/A       99%         2
 Confusing Touch          Hex            0%         N/A       100%        3
 Mephitic Cloud           Conj/Pois/Air  0%         N/A       100%        3
 Swiftness                Air            0%         N/A       100%        3
 Brom's Barrelling Bould  Conj/Erth      0%         2d3       100%        4
 Dispel Undead            Necr           0%         3d6       100%        4
 Fireball                 Conj/Fire      0%         3d3       100%        5
 Iskenderun's Battlesphe  Conj           0%         2d6       100%        5
 Conjure Ball Lightning   Conj/Air       0%         3x3d6     100%        6
 Orb of Destruction       Conj           0%         9d5       100%        7


Dungeon Overview and Level Annotations

Branches:
Dungeon (6/15)             Temple (1/1) D:6

Altars:
Cheibriados
Dithmenos
Elyvilon
Fedhas
Gozag
Hepliaklqana
Kikubaaqudgha
Makhleb
Qazlal
Ru
Sif Muna
Trog
Uskayaw
Vehumet
Wu Jian
Xom
Yredelemnul
Zin

Shops:
D:4 (   D:5 :!

Annotations:
D:6 Pikel


Innate Abilities, Weirdness & Mutations

You have a pair of horns on your head.
You reflexively headbutt those who attack you in melee.


Message History

You hit the wight. You closely miss the wight. You hit the wight.
You closely miss the lemure. You barely miss the lemure.
The wight hits you with a +0 short sword.
You partially resist.
You feel drained. You block the wight's attack.
The wight hits you from afar with a +5 spear.
The wight hits you with a +4 great sword!
Pikel hits you with a +0 whip of freezing!
Pikel freezes you. You block the lemure's attack.
You slash Pikel!
Pikel is moderately wounded.
You completely miss the lemure. You hit the lemure.
You hit the wight but do no damage. x2; You slash the wight!
You barely miss the lemure. You block the lemure's attack.
The wight hits you but does no damage.
The wight hits you from afar with a +5 spear.
The wight hits you with a +0 long sword.
You partially resist.
You feel drained.
The wight hits you with a +4 great sword!
* * * LOW HITPOINT WARNING * * *
You partially resist.
You feel drained.
* * * LOW HITPOINT WARNING * * *
The lemure hits you but does no damage.
Pikel hits you with a +0 whip of freezing.
* * * LOW HITPOINT WARNING * * *
Pikel freezes you.
* * * LOW HITPOINT WARNING * * *
The lemure hits you but does no damage.
You closely miss Pikel.
Pikel is moderately wounded.
You closely miss the lemure. You hit the lemure.
You hit the wight but do no damage. x2; You completely miss the wight.
You barely miss the lemure. Pikel barely misses you. You furiously retaliate!
You headbutt Pikel! The lemure hits you but does no damage.
The wight closely misses you.
The wight hits you with a +0 long sword.
* * * LOW HITPOINT WARNING * * *
The wight hits you from afar with a +5 spear.
* * * LOW HITPOINT WARNING * * *
The wight hits you with a +4 great sword.
You die...

#####................#
#..........###........#
#...........#.........#
#...........#[........#
#........##...........#
#........#####........#
#......................
#.....55.#############.
#....55@z...[...
#.....Kzz.###...
#......z..# #.........#
#.........# #.........#
###...#...# #...#.###


You could see Pikel, 4 lemures and 4 wights.

Vanquished Creatures
  A gargoyle (D:6)
  A wyvern (D:5)
  A water moccasin (D:5)
  A black bear (D:6)
  2 ogres
  A centaur (D:6)
  A phantom (D:5)
  4 scorpions (D:5)
  A howler monkey (D:6)
  4 hounds
  2 iguanas
  Terence (D:3)
  A mummy (D:5)
  5 gnolls
  6 adders
  A shadow imp (D:4)
  A white imp (D:6)
  4 ufetubi
  A worm (D:2)
  A dart slug (D:1)
  9 orcs
  10 endoplasms
  7 giant cockroaches
  7 goblins
  11 hobgoblins
  A jackal (D:2)
  8 kobolds
  4 quokkas
  6 ball pythons
  8 bats
  3 frilled lizards
  7 rats
121 creatures vanquished.

Notes
Turn   | Place    | Note
-------+----------+-------------------------------------------
     0 | D:1      | sammy202020 the Minotaur Fighter began the quest for the
                  | Orb.
     0 | D:1      | Reached XP level 1. HP: 19/19 MP: 0/0
   391 | D:1      | Reached XP level 2. HP: 27/27 MP: 1/1
   612 | D:1      | Reached XP level 3. HP: 27/33 MP: 2/2
   905 | D:2      | Found a faded altar of an unknown god.
  1023 | D:2      | Reached XP level 4. HP: 33/40 MP: 3/3
  1024 | D:2      | Reached skill level 1 in Dodging
  1638 | D:3      | Noticed Terence
  1653 | D:3      | Killed Terence
  1710 | D:3      | Found an ornate altar of the Wu Jian Council.
  1798 | D:3      | Reached XP level 5. HP: 47/47 MP: 4/4
  2470 | D:4      | Reached skill level 5 in Armour
  2522 | D:4      | Found Cufin's Antique Weapon Emporium.
  2557 | D:4      | Noticed an ogre
  2564 | D:4      | Killed an ogre
  2565 | D:4      | Reached skill level 5 in Fighting
  2565 | D:4      | Reached skill level 5 in Shields
  2565 | D:4      | Reached XP level 6. HP: 36/56 MP: 5/5
  2695 | D:5      | Entered Level 5 of the Dungeon
  2699 | D:5      | Noticed a wyvern
  2705 | D:5      | Killed a wyvern
  2715 | D:5      | Reached XP level 7. HP: 21/61 MP: 6/6
  2900 | D:5      | Reached skill level 5 in Axes
  3520 | D:5      | Found a snail-covered altar of Cheibriados.
  4199 | D:5      | Reached XP level 8. HP: 71/71 MP: 7/7
  4250 | D:5      | Found Fipock's Tremendous Tomes.
  4370 | D:5      | Found Xoyt's Distillery.
  4376 | D:5      | Bought 2 potions of curing for 90 gold pieces
  4376 | D:5      | Bought a potion of curing for 45 gold pieces
  4376 | D:5      | Bought a potion of curing for 45 gold pieces
  4807 | D:6      | Noticed a gargoyle
  4816 | D:6      | Killed a gargoyle
  5188 | D:6      | Found a staircase to the Ecumenical Temple.
  5200 | Temple   | Entered the Ecumenical Temple
  5303 | D:6      | Noticed Pikel
  5311 | D:6      | HP: 1/69 [wight/+5 spear (6)]
  5311 | D:6      | Slain by a wight

Illustrated notes

Levels and vault maps discovered:
D:1:      minmay_arrival_diagonal_passages, layout_loops_cross,
          minmay_tromino_mix6
D:2:      layout_loops_ring, shapermc_ecumenical_altar_totnotflames,
          kennysheep_generic_room_15
D:3:      layout_basic, nzn_wu_jian_contemplation, uniq_terence
D:4:      cheibrodos_old_hovel, layout_gridville, serial_shops,
          nicolae_shop_hallway_plus
D:5:      layout_loops_ring, slow_altar_1, serial_shops, shop,
          nicolae_shop_i_like_big_books
D:6:      layout_basic, minmay_temple_entry_tees, uniq_pikel, uniq_sigmund
Temple:   eino_temple_rhombus

Skill      XL: |  1  2  3  4  5  6  7  8 |
---------------+-------------------------+-----
Fighting       | 4 5 6 7 |  7.2
Armour         | 4 5 6 7 |  7.3
Shields        | 4 5 6 7 |  7.1
Axes           | 3 4 5 6 |  6.7
Dodging        | 1 2 3 |  3.8

Action                     |  1- 3 |  4- 6 |  7- 9 || total
---------------------------+-------+-------+-------++-------
  Melee: War axe           |    77 |   102 |   106 ||   285
         Headbutt          |     4 |    18 |    24 ||    46
    Use: Scroll            |     4 |     8 |       ||    12
         Potion            |       |     2 |     2 ||     4
 Armour: Scale mail        |    47 |    16 |       ||    63
         Chain mail        |       |    65 |   142 ||   207
  Dodge: Dodged            |    45 |    43 |    76 ||   164
  Block: Buckler           |    20 |    21 |    37 ||    78

Table legend: (Time is in decaauts)
 A = Elapsed time spent in this place.
 B = Non-inter-level travel time spent in this place.
 C = Inter-level travel time spent in this place.
 D = Time resting spent in this place.
 E = Time spent auto-exploring this place.
 F = Levels seen in this place.
 G = Mean time per level.
                   A        B        C        D        E       F      G
               +--------+--------+--------+--------+--------+-----+--------+
         Total |   5414 |   5338 |     76 |   1205 |   3063 |   7 |  773.4 |
       Dungeon |   5327 |   5254 |     73 |   1205 |   3063 |   6 |  887.8 |
        Temple |     86 |     83 |      3 |      0 |      0 |   1 |   86.0 |
               +--------+--------+--------+--------+--------+-----+--------+

Top non-repeatable levels by time:
     D:5: 1995 daAuts
     D:1: 915 daAuts
     D:2: 634 daAuts
     D:4: 617 daAuts
     D:3: 602 daAuts
     D:6: 562 daAuts
  Temple: 86 daAuts
